Map: Fracture LE

Players

Reynor - Winner!

  • Race: Zerg Zerg
  • Spawn Location: 5:00

ExpecT

  • Race: Terran Terran
  • Spawn Location: 11:00

Event: WCS Montreal 2018

VOD

Have the link to the VOD?

Description

Time

  • Played on: Sept. 7, 2018, 6:42 p.m.
  • Length: 11:22

All games in this series

Show
View Real Time Build Order
Export as new Build Order

Reynor Zerg - Winner!

Build Orders: Pool First 

Get SALT Encoding   

  12  0:00  Drone  
  13  0:12  Overlord  
  13  0:16  Drone  
  14  0:31  Drone x2  
  16  0:40  Spawning Pool  
  15  0:44  Drone  
  15  0:47  Drone  
  17  1:09  Hatchery  
  16  1:12  Drone  
  17  1:21  Extractor  
  16  1:27  Zergling x4  
  16  1:28  Zergling x2  
  19  1:32  Queen  
  21  1:40  Overlord  
  21  1:50  Drone  
  22  1:58  Roach Warren  
  22  2:00  Drone  
  22  2:11  Queen  
  24  2:38  Roach x4  
  24  2:41  Roach  
  34  2:46  Roach  
  36  2:57  Overlord  
  35  3:12  Ravager  
  35  3:16  Drone x5  
  40  3:23  Drone  
  41  3:28  Queen  
  43  3:38  Overlord  
  43  3:47  Overlord  
  43  3:53  Ravager  
  43  3:55  Drone  
  44  3:57  Drone  
  44  3:58  Drone x3  
  48  4:04  Overlord  
  48  4:08  Ravager  
  49  4:10  Drone x3  
  49  4:14  Drone  
  53  4:21  Drone  
  54  4:27  Drone  
  55  4:31  Drone  
  55  4:34  Overlord  
  56  4:43  Ravager  
  56  4:44  Extractor, Drone x3  
  56  4:45  Extractor, Drone  
  59  4:53  Drone  
  59  4:54  Drone x2  
  59  4:57  Hatchery  
  61  5:03  Overlord  
  61  5:04  Ravager  
  61  5:05  Drone x2  
  61  5:06  Drone  
  65  5:13  Overlord  
  65  5:28  Drone x2  
  65  5:29  Drone x4  
  60  5:36  Roach x2  
  64  5:45  Roach  
  63  5:51  Queen  
  63  5:54  Roach x7  
  67  6:04  Spore Crawler, Roach  
  67  6:06  Overlord  
  68  6:13  Drone  
  68  6:14  Ravager  
  68  6:17  Drone x2  
  72  6:20  Drone, Ravager  
  74  6:26  Spore Crawler x2, Drone  
  74  6:27  Drone  
  74  6:28  Ravager  
  74  6:30  Drone  
  74  6:32  Drone x3  
  79  6:36  Drone  
  80  6:40  Ravager  
  80  6:42  Roach  
  80  6:44  Overlord x2  
  83  6:50  Evolution Chamber  
  82  6:58  Lair  
  82  6:59  Drone x2  
  82  7:01  Overlord  
  82  7:02  Drone x2  
  82  7:03  Drone  
  82  7:05  Drone x2  
  82  7:06  Drone  
  88  7:09  Drone x2  
  88  7:11  Overlord  
  88  7:14  Drone  
  88  7:15  Drone  
  92  7:16  Zerg Missile Weapons Level 1  
  92  7:20  Extractor  
  92  7:21  Ravager  
  92  7:23  Ravager  
  92  7:24  Drone x3  
  92  7:25  Extractor, Drone  
  92  7:27  Drone x2  
  98  7:31  Drone x2  
  98  7:32  Drone  
  101  7:38  Extractor  
  101  7:39  Drone x2  
  101  7:40  Drone  
  101  7:42  Roach  
  101  7:43  Roach x3  
  111  7:45  Ravager  
  111  7:46  Overlord  
  112  7:54  Roach  
  112  7:55  Overlord  
  112  7:57  Glial Reconstitution  
  114  8:06  Roach x2  
  114  8:07  Roach x2  
  120  8:13  Roach  
  120  8:14  Roach x4  
  120  8:16  Overlord  
  130  8:22  Overlord  
  130  8:32  Hatchery  
  130  8:33  Roach x2  
  130  8:37  Roach x4  
  130  8:38  Overlord  
  138  8:43  Ravager x2  
  138  8:44  Roach x3  
  138  8:45  Overlord  
  146  8:51  Overlord  
  146  8:57  Overlord  
  146  8:59  Ravager x2  
  146  9:00  Roach x3  
  154  9:07  Roach x4  
  154  9:09  Overlord  
  162  9:17  Ravager x2  
  162  9:18  Roach x3  
  162  9:19  Roach  
  162  9:23  Roach x3  
  162  9:24  Roach  
  165  9:26  Roach  
  167  9:32  Roach x3  
  167  9:35  Overlord  
  173  9:41  Roach x3  
  173  9:45  Drone x4  
  181  9:49  Roach x2  
  164  9:57  Roach x2  
  164  9:58  Roach x3  
  143  10:05  Ravager x3  
  143  10:06  Roach x4  
  149  10:14  Roach x3  
  149  10:15  Roach x2  
  156  10:21  Roach x3  
  156  10:22  Roach  
  162  10:29  Roach  
  162  10:30  Roach x4  
  162  10:33  Ravager  
  162  10:34  Roach  
  162  10:35  Roach  
  173  10:46  Roach x7  
  172  10:55  Roach  
  172  10:56  Roach x5  
Show
View Real Time Build Order
Export as new Build Order

ExpecT Terran 

Build Orders: Reaper Expand, Bio Tank 

Get SALT Encoding   

  12  0:00  SCV  
  13  0:13  SCV  
  14  0:17  Supply Depot  
  14  0:25  SCV  
  15  0:39  SCV  
  15  0:40  Barracks  
  16  0:44  Refinery  
  16  0:51  SCV  
  17  1:03  SCV  
  18  1:17  SCV  
  19  1:29  Reaper, Orbital Command  
  20  1:38  Command Center  
  20  1:50  Barracks  
  20  1:55  SCV  
  21  2:02  Barracks Reactor  
  21  2:07  SCV  
  22  2:08  Refinery  
  22  2:12  Supply Depot  
  22  2:19  SCV  
  23  2:30  Factory  
  23  2:33  SCV  
  24  2:38  Marine x2  
  24  2:41  Marine  
  27  2:46  SCV  
  28  2:57  Marine x2  
  28  2:58  SCV  
  31  3:03  Bunker  
  31  3:14  Barracks Tech Lab  
  31  3:15  Supply Depot  
  31  3:26  Starport  
  31  3:31  Factory Tech Lab  
  32  3:34  SCV  
  32  3:36  Marine  
  33  3:43  Marine x2  
  33  3:44  Stimpack  
  33  3:46  SCV  
  36  3:51  Siege Tank  
  36  3:55  Supply Depot  
  39  4:00  Liberator  
  39  4:08  Supply Depot  
  39  4:19  Marine x2  
  39  4:21  SCV  
  44  4:33  SCV  
  44  4:39  Barracks Reactor  
  44  4:40  Marine  
  44  4:45  SCV  
  46  4:47  Siege Tank, Supply Depot  
  49  4:57  SCV, Marine  
  51  5:09  SCV, Starport Reactor  
  51  5:14  Supply Depot  
  52  5:15  Marine  
  52  5:21  Siege Tank  
  51  5:22  SCV  
  51  5:30  Marine x2  
  51  5:33  Marine  
  45  5:43  SCV  
  45  5:48  Marine x2  
  45  5:51  Marine  
  45  5:53  Medivac x2  
  45  5:55  SCV  
  51  6:01  Orbital Command  
  51  6:05  Marine x2  
  51  6:09  Marine  
  54  6:13  Combat Shields  
  54  6:14  SCV  
  52  6:23  Marine x2  
  54  6:26  SCV  
  54  6:27  SCV, Barracks, Marine  
  57  6:34  Supply Depot  
  57  6:35  Siege Tank  
  57  6:39  SCV x2  
  62  6:41  Marine x2  
  62  6:44  Marine  
  61  6:54  SCV x2  
  63  6:55  Engineering Bay  
  63  6:56  Engineering Bay  
  63  7:00  Supply Depot  
  62  7:02  Marine x2, Supply Depot  
  62  7:03  Marine  
  62  7:06  SCV x2  
  67  7:10  Siege Tank  
  67  7:11  Starport Reactor  
  67  7:15  Refinery  
  70  7:17  Refinery  
  70  7:22  SCV x2, Marine x2  
  74  7:28  Terran Infantry Weapons Level 1  
  74  7:31  Marine x3  
  77  7:37  SCV x2  
  77  7:40  Marine x2  
  77  7:42  Supply Depot  
  81  7:44  Supply Depot  
  81  7:51  Terran Infantry Armor Level 1  
  81  7:52  Marine x3  
  81  7:56  Supply Depot  
  84  8:00  SCV x2  
  84  8:04  Siege Tank  
  89  8:17  Marine x2  
  89  8:18  Marine x3  
  89  8:19  Medivac x2  
  97  8:23  Supply Depot  
  97  8:25  Supply Depot  
  96  8:35  Marine x3  
  96  8:36  Siege Tank, Marine x2  
  102  8:53  Barracks  
  102  8:54  Barracks, Marine x4  
  102  8:55  Marine  
  107  8:59  Medivac x2  
  111  9:11  Supply Depot  
  111  9:15  Armory  
  111  9:17  Siege Tank  
  111  9:18  Marine x3  
  111  9:19  Marine  
  106  9:29  Medivac  
  108  9:33  Medivac  
  109  9:43  Marine  
  103  9:45  Barracks Reactor x2  
  103  9:46  Marine x2  
  95  9:55  Marine x2  
  83  10:01  Marine  
  83  10:03  Siege Tank  
  83  10:04  Marine x2  
  85  10:13  Marine x2  
  87  10:19  Marine  
  84  10:21  Marine  
  84  10:24  Marine  
  84  10:26  Marine x3  
  84  10:28  Marine  
  89  10:31  Marine x2  
  94  10:35  Siege Tank  
  94  10:38  Supply Depot  
  94  10:40  Supply Depot  
  90  10:43  Marine  
  90  10:48  Marine  
  90  10:49  Marine  
  88  10:50  Marine  
  88  10:51  Marine  
  88  11:03  Marine x2  
  88  11:04  Marine  
Tags
 
Add a new tag
Caveats
  • Supply blocks, unpowered buildings, or Contaminate may cause inaccurate times.
  • Supply counts are checked every 10 seconds.